 Dungeon Crawl Stone Soup version 0.22.0 (webtiles) character file.

1 edsrzf the Grave Robber (level 1, -2/13 HPs)
             Began as a Barachi Necromancer on Aug 15, 2018.
             Killed from afar by a dart slug (5 damage)
             ... with a slug dart
             ... on level 1 of the Dungeon.
             The game lasted 00:00:30 (35 turns).

edsrzf the Grave Robber (Barachi Necromancer)         Turns: 35, Time: 00:00:31

Health: -2/13      AC:  2    Str:  9    XL:     1   Next: 20%
Magic:  1/3        EV: 12    Int: 15    God:
Gold:   10         SH:  0    Dex: 12    Spells: 3/4 levels left

rFire    . . .     SeeInvis .   (no weapon)
rCold    . . .     Gourm    .   (no shield)
rNeg     . . .     Faith    .   a - +0 robe
rPois    .         Spirit   .   (no helmet)
rElec    .         Reflect  .   (no cloak)
rCorr    .         Harm     .   (no gloves)
MR       .....                  (no boots)
Stlth    ++........             (no amulet)
HPRegen  0.04/turn              (no ring)
MPRegen  0.08/turn              (no ring)

@: slow
A: +LOS, swims, slowness 1, strong legs 1
a: Hop


You were on level 1 of the Dungeon.
You were not hungry.

You visited 1 branch of the dungeon, and saw 1 of its levels.

You collected 10 gold pieces.

Inventory:

Armour
 a - a +0 robe (worn)
Comestibles
 c - a ration


   Skills:
 + Level 0.1 Fighting
 - Level 2.1 Dodging
 - Level 1.7 Stealth
 + Level 2.2 Spellcasting
 + Level 3.6 Necromancy


You had 3 spell levels left.
You knew the following spells:

 Your Spells              Type           Power        Failure   Level  Hunger
X - Pain                  Necr           ##..         4%          1    #......

Your spell library contained the following spells:

 Spells                   Type           Power        Failure   Level  Hunger
 Animate Dead             Necr           N/A          43%         4    #####..
 Animate Skeleton         Necr           N/A          4%          1    #......
 Vampiric Draining        Necr           ##........   14%         3    ###....
 Regeneration             Chrm/Necr      #.........   30%         3    ###....


Dungeon Overview and Level Annotations

Branches:
Dungeon (1/15)

Altars:


Innate Abilities, Weirdness & Mutations

Shadows flee at your approach. (+LOS)
You can swim through water.
You cover ground slowly.
You can hop short distances.


Message History

Welcome, edsrzf the Barachi Necromancer.
Will you prevail where others failed? Will you find the Orb of Zot?
Press ? for a list of commands and other information.
Found a staircase leading out of the dungeon.
Autoexplore enabled for D:1 You now have 10 gold pieces.
You open the door.
A goblin and a hobgoblin come into view.
Found a stone staircase leading down.
There is an open door here.
The goblin shouts!
A dart slug comes into view.
Adjust (i)tems, (s)pells, or (a)bilities?
Adjust which spell? p - Pain Adjust to which letter?
X - Pain
Casting: Pain (safe; 4% risk of failure)
Confirm with . or Enter, or press ? or * to list all spells.
Aiming: Pain (safe; 4% risk of failure)
Press: ? - help, Shift-Dir - straight line, f - goblin
Aim: a goblin (chance to defeat MR: 82%)
The goblin barely resists.
The goblin closely misses you.
Casting: Pain (safe; 4% risk of failure)
Confirm with . or Enter, or press ? or * to list all spells.
Aiming: Pain (safe; 4% risk of failure)
Press: ? - help, Shift-Dir - straight line, f/p - goblin
Aim: a goblin (chance to defeat MR: 82%)
You miscast Pain.
You are very lightly contaminated with residual magic.
Nothing appears to happen.
The goblin hits you.
There is an open door here.
Casting: Pain (safe; 4% risk of failure)
Confirm with . or Enter, or press ? or * to list all spells.
Aiming: Pain (safe; 4% risk of failure)
Press: ? - help, Shift-Dir - straight line, f/p - goblin
Aim: a goblin (chance to defeat MR: 82%)
The goblin writhes in agony!
The goblin misses you.
You barely miss the goblin.
The goblin is moderately wounded.
The goblin hits you.
You closely miss the goblin.
The goblin is moderately wounded.
The goblin hits you.
You hit the goblin.
The goblin is heavily wounded.
The goblin closely misses you.
You aren't carrying any potions.
Unknown command.
You aren't carrying any scrolls.
Unknown command.
You hit the goblin.
You kill the goblin!
The dart slug launches a dart at you. The slug dart hits you!
* * * LOW HITPOINT WARNING * * *
Your magical contamination has completely faded away.
The dart slug launches a dart at you. The slug dart hits you!
You die...

#
#...#...#...#
#...#≈.≈#..≈#
#...#≈.≈#.≈≈#
#..w#≈.≈#§≈≈#
#...#≈.≈#≈≈.#
#...#≈.≈#≈..#
#..w#...#...#
#...........#
#........@..#
#........^..#
#...........#
#.....<.....#
#...........#
#############


You could see a dart slug.

Vanquished Creatures
  A goblin (D:1)
1 creature vanquished.

Notes
Turn   | Place    | Note
-------+----------+-------------------------------------------
     0 | D:1      | edsrzf the Barachi Necromancer began the quest for the Orb.
     0 | D:1      | Reached XP level 1. HP: 13/13 MP: 3/3
    35 | D:1      | Killed from afar by a dart slug

Action                   || total
-------------------------++-------
Melee: Unarmed           ||     4
 Cast: Pain              ||     2
Dodge: Dodged            ||     3
